Warning! The script has encountered some errors when parsing the replay. Please report them to the . » details
          I00S: Unknown ItemID
I02X: Unknown ItemID
I02E: Unknown ItemID
I02C: Unknown ItemID
I006: Unknown ItemID
I01J: Unknown ItemID
A0AD: Unknown ItemID
e00G: Unknown ItemID
I02F: Unknown ItemID
A00K: Unknown ItemID
A00O: Unknown ItemID
R017: Unknown ItemID
R01F: Unknown ItemID
R02O: Unknown ItemID
R016: Unknown ItemID
R00N: Unknown ItemID
R025: Unknown ItemID
I00E: Unknown ItemID
R02A: Unknown ItemID
R00F: Unknown ItemID
R01D: Unknown ItemID
R00H: Unknown ItemID
R01O: Unknown ItemID
R01U: Unknown ItemID
R01S: Unknown ItemID
R01Q: Unknown ItemID
R02R: Unknown ItemID
I003: Unknown ItemID
A01K: Unknown ItemID
R02Q: Unknown ItemID
I01I: Unknown ItemID
R01W: Unknown ItemID
R00J: Unknown ItemID
R02D: Unknown ItemID
R01M: Unknown ItemID
R01X: Unknown ItemID
A05D: Unknown ItemID
I00G: Unknown ItemID
I00H: Unknown ItemID
I00I: Unknown ItemID
R000: Unknown ItemID
R001: Unknown ItemID
R003: Unknown ItemID
R02U: Unknown ItemID
R02S: Unknown ItemID
0xA5, prev: 0x60: 60 A5 AD 00 00 [A5] AD 00 00 77 68 61 74 00 0B 1F 00 12 00 00 03 00 0D 00 FF FF FF FF FF FF FF FF B9 74 D8 C4 5B 64 56 C4 FF FF FF FF FF FF FF FF 
0x00, prev: 0xA5: 60 A5 AD 00 00 A5 AD [00] 00 77 68 61 74 00 0B 1F 00 12 00 00 03 00 0D 00 FF FF FF FF FF FF FF FF B9 74 D8 C4 5B 64 56 C4 FF FF FF FF FF FF FF FF 
0x77, prev: 0x00: 60 DC AD 00 00 DC AD 00 00 [77] 68 65 72 65 00 01 1F 00 12 00 00 03 00 0D 00 FF FF FF FF FF FF FF FF B1 BC CA 45 EA C9 48 44 FF FF FF FF FF FF FF FF 06 26 00 16 02 01 00 35 B4 00 00 17 C4 00 00 16 01 01 00 C5 D0 00 00 BA 7B 05 00 1A 19 6D 6C 62 48 C5 D0 00 00 BA 7B 05 00 
0x74, prev: 0x61: 60 45 AE 00 00 45 AE 00 00 77 68 61 [74] 00 04 1F 00 12 00 00 03 00 0D 00 FF FF FF FF FF FF FF FF 81 D5 17 C4 EC D1 A9 C3 FF FF FF FF FF FF FF FF 
I00F: Unknown ItemID
A028: Unknown ItemID
A02Y: Unknown ItemID
n002: Unknown ItemID
R009: Unknown ItemID
R02T: Unknown ItemID
n004: Unknown ItemID
A02T: Unknown ItemID
I016: Unknown ItemID
I00B: Unknown ItemID
o000: Unknown ItemID
0x45, prev: 0x60: 60 45 AE 00 00 [45] AE 00 00 77 68 61 74 00 04 1F 00 12 00 00 03 00 0D 00 FF FF FF FF FF FF FF FF 81 D5 17 C4 EC D1 A9 C3 FF FF FF FF FF FF FF FF 
0x00, prev: 0x45: 60 45 AE 00 00 45 AE [00] 00 77 68 61 74 00 04 1F 00 12 00 00 03 00 0D 00 FF FF FF FF FF FF FF FF 81 D5 17 C4 EC D1 A9 C3 FF FF FF FF FF FF FF FF 
A026: Unknown ItemID
Aamk: Unknown ItemID
0xDC, prev: 0x60: 60 DC AD 00 00 [DC] AD 00 00 77 68 65 72 65 00 01 1F 00 12 00 00 03 00 0D 00 FF FF FF FF FF FF FF FF B1 BC CA 45 EA C9 48 44 FF FF FF FF FF FF FF FF 06 26 00 16 02 01 00 35 B4 00 00 17 C4 00 00 16 01 01 00 C5 D0 00 00 BA 7B 05 00 1A 19 6D 6C 62 48 C5 D0 00 00 BA 7B 05 00 
0x00, prev: 0xDC: 60 DC AD 00 00 DC AD [00] 00 77 68 65 72 65 00 01 1F 00 12 00 00 03 00 0D 00 FF FF FF FF FF FF FF FF B1 BC CA 45 EA C9 48 44 FF FF FF FF FF FF FF FF 06 26 00 16 02 01 00 35 B4 00 00 17 C4 00 00 16 01 01 00 C5 D0 00 00 BA 7B 05 00 1A 19 6D 6C 62 48 C5 D0 00 00 BA 7B 05 00 
0x72, prev: 0x65: 60 DC AD 00 00 DC AD 00 00 77 68 65 [72] 65 00 01 1F 00 12 00 00 03 00 0D 00 FF FF FF FF FF FF FF FF B1 BC CA 45 EA C9 48 44 FF FF FF FF FF FF FF FF 06 26 00 16 02 01 00 35 B4 00 00 17 C4 00 00 16 01 01 00 C5 D0 00 00 BA 7B 05 00 1A 19 6D 6C 62 48 C5 D0 00 00 BA 7B 05 00 
0x00, prev: 0x72: 60 72 AE 00 00 72 AE [00] 00 74 6F 20 68 65 6C 6C 20 77 69 74 68 20 79 6F 75 72 20 61 70 6F 6C 6F 67 69 65 73 00 03 03 00 18 00 03 
R01C: Unknown ItemID
0xE0, prev: 0x60: 60 E0 AD 00 00 [E0] AD 00 00 64 65 6D 6F 6E 20 73 70 61 77 6E 65 64 20 77 72 65 74 63 68 73 00 
0x00, prev: 0xE0: 60 E0 AD 00 00 E0 AD [00] 00 64 65 6D 6F 6E 20 73 70 61 77 6E 65 64 20 77 72 65 74 63 68 73 00 
0x64, prev: 0x00: 60 E0 AD 00 00 E0 AD 00 00 [64] 65 6D 6F 6E 20 73 70 61 77 6E 65 64 20 77 72 65 74 63 68 73 00 
0x6D, prev: 0x64: 60 E0 AD 00 00 E0 AD 00 00 64 65 [6D] 6F 6E 20 73 70 61 77 6E 65 64 20 77 72 65 74 63 68 73 00 
0x6E, prev: 0x6D: 60 E0 AD 00 00 E0 AD 00 00 64 65 6D 6F [6E] 20 73 70 61 77 6E 65 64 20 77 72 65 74 63 68 73 00 
0x73, prev: 0x6E: 60 E0 AD 00 00 E0 AD 00 00 64 65 6D 6F 6E 20 [73] 70 61 77 6E 65 64 20 77 72 65 74 63 68 73 00 
0x77, prev: 0x61: 60 E0 AD 00 00 E0 AD 00 00 64 65 6D 6F 6E 20 73 70 61 [77] 6E 65 64 20 77 72 65 74 63 68 73 00 
0x64, prev: 0x65: 60 E0 AD 00 00 E0 AD 00 00 64 65 6D 6F 6E 20 73 70 61 77 6E 65 [64] 20 77 72 65 74 63 68 73 00 
0x77, prev: 0x64: 60 E0 AD 00 00 E0 AD 00 00 64 65 6D 6F 6E 20 73 70 61 77 6E 65 64 20 [77] 72 65 74 63 68 73 00 
0x74, prev: 0x65: 60 E0 AD 00 00 E0 AD 00 00 64 65 6D 6F 6E 20 73 70 61 77 6E 65 64 20 77 72 65 [74] 63 68 73 00 
R01J: Unknown ItemID
0x72, prev: 0x60: 60 72 AE 00 00 [72] AE 00 00 74 6F 20 68 65 6C 6C 20 77 69 74 68 20 79 6F 75 72 20 61 70 6F 6C 6F 67 69 65 73 00 03 03 00 18 00 03 
0x74, prev: 0x00: 60 72 AE 00 00 72 AE 00 00 [74] 6F 20 68 65 6C 6C 20 77 69 74 68 20 79 6F 75 72 20 61 70 6F 6C 6F 67 69 65 73 00 03 03 00 18 00 03 
0x20, prev: 0x74: 60 72 AE 00 00 72 AE 00 00 74 6F [20] 68 65 6C 6C 20 77 69 74 68 20 79 6F 75 72 20 61 70 6F 6C 6F 67 69 65 73 00 03 03 00 18 00 03 
0x6C, prev: 0x65: 60 72 AE 00 00 72 AE 00 00 74 6F 20 68 65 [6C] 6C 20 77 69 74 68 20 79 6F 75 72 20 61 70 6F 6C 6F 67 69 65 73 00 03 03 00 18 00 03 
0x20, prev: 0x6C: 60 72 AE 00 00 72 AE 00 00 74 6F 20 68 65 6C 6C [20] 77 69 74 68 20 79 6F 75 72 20 61 70 6F 6C 6F 67 69 65 73 00 03 03 00 18 00 03 
0x73, prev: 0x69: 60 72 AE 00 00 72 AE 00 00 74 6F 20 68 65 6C 6C 20 77 69 74 68 20 79 6F 75 72 20 61 70 6F 6C 6F 67 69 65 [73] 00 03 03 00 18 00 03 
o001: Unknown ItemID
I01H: Unknown ItemID
I00M: Unknown ItemID
I01S: Unknown ItemID
R01H: Unknown ItemID
R019: Unknown ItemID
R01B: Unknown ItemID
R004: Unknown ItemID
A02H: Unknown ItemID
R00X: Unknown ItemID
R005: Unknown ItemID
I00C: Unknown ItemID
        General information
			
			
        
        - name: Local Game (TIMG4STRok)
 
        - type: Ladder 1vs1/FFA
 
        - host: TIMG4STRok
 
        - saver: TIMG4STRok
 
        
map: aps\Download\IslandDefense2.8.3c 
        - players: 11
 
        - length: 24:16
 
        - speed: Fast
 - version: 1.21 W3XP
 - replay type:  

 
» download(244 KB)
Players
        team 1 (loser) 
              
              
TIMG4STRok (
red | 73 APM | 1768 actions | 24:16)
              
                » actions 
                
                | Assign group hotkey | 5 |  | 
| Basic commands | 10 |  | 
| Build / train | 58 |  | 
| ESC pressed | 5 |  | 
| Enter build submenu | 39 |  | 
| Enter hero's abilities submenu | 2 |  | 
| Give item / drop item | 2 |  | 
| Right click | 1339 |  | 
| Select / deselect | 97 |  | 
| Select group hotkey | 135 |  | 
| Use ability | 75 |  | 
                1768 total
  
               
              
              
BEAR_AND (
blue | 37 APM | 893 actions | 24:11)
              
                » actions 
                
                | Assign group hotkey | 2 |  | 
| Basic commands | 10 |  | 
| Build / train | 30 |  | 
| ESC pressed | 1 |  | 
| Enter build submenu | 30 |  | 
| Enter hero's abilities submenu | 3 |  | 
| Right click | 466 |  | 
| Select / deselect | 209 |  | 
| Select group hotkey | 94 |  | 
| Use ability | 48 |  | 
                893 total
  
               
              
              
snarker (
teal | 70 APM | 1692 actions | 24:16)
              
                » actions 
                
                | Assign group hotkey | 38 |  | 
| Basic commands | 7 |  | 
| Build / train | 56 |  | 
| Enter build submenu | 29 |  | 
| Enter hero's abilities submenu | 4 |  | 
| Right click | 693 |  | 
| Select / deselect | 151 |  | 
| Select group hotkey | 672 |  | 
| Use ability | 42 |  | 
                1692 total
  
               
              
              
Iceberg-Slim (
purple | 56 APM | 1358 actions | 24:16)
              
                » actions 
                
                | Assign group hotkey | 2 |  | 
| Basic commands | 20 |  | 
| Build / train | 84 |  | 
| ESC pressed | 3 |  | 
| Enter build submenu | 16 |  | 
| Enter hero's abilities submenu | 2 |  | 
| Right click | 531 |  | 
| Select / deselect | 159 |  | 
| Select group hotkey | 471 |  | 
| Use ability | 70 |  | 
                1358 total
 » buildings
                » build order
                00:51 Orc Burrow
01:04 Orc Burrow
01:18 Orc Burrow
01:20 Orc Burrow
01:20 Orc Burrow
01:21 Orc Burrow
14:19 Orc Burrow
14:20 Orc Burrow
14:22 Orc Burrow
14:23 Orc Burrow
14:25 Orc Burrow
14:25 Orc Burrow
 
               
              
              
royceroyce2001 (
yellow | 47 APM | 1138 actions | 24:16)
              
                » actions 
                
                | Assign group hotkey | 354 |  | 
| Basic commands | 2 |  | 
| Build / train | 16 |  | 
| ESC pressed | 5 |  | 
| Enter build submenu | 37 |  | 
| Right click | 387 |  | 
| Select / deselect | 89 |  | 
| Select group hotkey | 203 |  | 
| Use ability | 45 |  | 
                1138 total
  
               
              
              
dsg (
orange | 52 APM | 1259 actions | 24:16)
              
 1 Warden 
 1 Blink
 
                » actions 
                
                | Assign group hotkey | 133 |  | 
| Basic commands | 5 |  | 
| Build / train | 101 |  | 
| ESC pressed | 3 |  | 
| Enter build submenu | 48 |  | 
| Enter hero's abilities submenu | 3 |  | 
| Remove unit from queue | 5 |  | 
| Right click | 300 |  | 
| Select / deselect | 286 |  | 
| Select group hotkey | 227 |  | 
| Use ability | 145 |  | 
                1259 total
 » buildings
                » build order
                01:00 Orc Burrow
01:15 Orc Burrow
01:29 Orc Burrow
01:32 Orc Burrow
01:34 Orc Burrow
01:35 Orc Burrow
01:48 Orc Burrow
01:53 Orc Burrow
01:55 Orc Burrow
01:56 Orc Burrow
04:55 Orc Burrow
04:58 Orc Burrow
05:00 Orc Burrow
05:01 Orc Burrow
12:05 Orc Burrow
12:06 Orc Burrow
12:07 Orc Burrow
18:59 Orc Burrow
19:00 Orc Burrow
19:00 Orc Burrow
19:54 Orc Burrow
19:54 Orc Burrow
19:54 Orc Burrow
19:54 Orc Burrow
19:54 Orc Burrow
19:54 Orc Burrow
19:55 Orc Burrow
19:55 Orc Burrow
19:56 Orc Burrow
19:56 Orc Burrow
19:56 Orc Burrow
19:57 Orc Burrow
19:57 Orc Burrow
19:57 Orc Burrow
 
               
              
              
AMON-YAK (
green | 21 APM | 503 actions | 24:16)
              
                » actions 
                
                | Basic commands | 15 |  | 
| Build / train | 22 |  | 
| Enter build submenu | 25 |  | 
| Enter hero's abilities submenu | 1 |  | 
| Right click | 282 |  | 
| Select / deselect | 110 |  | 
| Use ability | 48 |  | 
                503 total
  
               
              
              
thegame77777 (
pink | 39 APM | 939 actions | 24:16)
              
 1 Blood Mage 
 1 Siphon Mana
 
                » actions 
                
                | Assign group hotkey | 1 |  | 
| Basic commands | 32 |  | 
| Build / train | 33 |  | 
| Enter build submenu | 94 |  | 
| Enter hero's abilities submenu | 1 |  | 
| Remove unit from queue | 1 |  | 
| Right click | 372 |  | 
| Select / deselect | 140 |  | 
| Select group hotkey | 155 |  | 
| Use ability | 110 |  | 
                939 total
  
               
              
              
puddums (
gray | 37 APM | 900 actions | 24:16)
              
 1 Warden 
 1 Blink
 1 Blood Mage 
 1 Siphon Mana
 
                » actions 
                
                | Assign group hotkey | 2 |  | 
| Basic commands | 10 |  | 
| Build / train | 51 |  | 
| ESC pressed | 1 |  | 
| Enter build submenu | 57 |  | 
| Enter hero's abilities submenu | 2 |  | 
| Give item / drop item | 2 |  | 
| Right click | 301 |  | 
| Select / deselect | 344 |  | 
| Select group hotkey | 47 |  | 
| Use ability | 83 |  | 
                900 total
 » units 
                » upgrades
                » buildings
                
                | Orc Burrow | 7 |  | 
| Farm | 11 |  | 
| Watch Tower | 33 |  | 
                51 total
 » build order
                00:49 Orc Burrow
00:57 Orc Burrow
01:04 Orc Burrow
01:06 Farm
01:09 Farm
01:30 Farm
01:34 Farm
01:35 Orc Burrow
01:37 Orc Burrow
02:09 Farm
02:23 Farm
02:25 Farm
02:33 Orc Burrow
02:36 Orc Burrow
02:45 Farm
02:45 Farm
02:52 Farm
03:00 Watch Tower
03:01 Watch Tower
03:06 Watch Tower
03:08 Watch Tower
03:08 Watch Tower
03:09 Watch Tower
03:17 Watch Tower
03:19 Watch Tower
03:20 Watch Tower
03:27 Watch Tower
03:28 Watch Tower
03:30 Watch Tower
03:31 Watch Tower
03:34 Watch Tower
03:34 Watch Tower
03:35 Watch Tower
03:36 Watch Tower
03:37 Watch Tower
03:38 Watch Tower
03:39 Watch Tower
03:49 Watch Tower
03:50 Watch Tower
03:50 Watch Tower
03:51 Watch Tower
03:51 Watch Tower
03:55 Watch Tower
03:56 Watch Tower
04:08 Watch Tower
04:08 Watch Tower
04:09 Watch Tower
04:09 Watch Tower
04:17 Watch Tower
04:26 Watch Tower
05:26 Farm
 
               
              
              
luneth (
light-blue | 33 APM | 205 actions | 06:16)
              
                » actions 
                
                | Assign group hotkey | 20 |  | 
| Basic commands | 2 |  | 
| Build / train | 7 |  | 
| Enter build submenu | 5 |  | 
| Right click | 111 |  | 
| Select / deselect | 26 |  | 
| Select group hotkey | 23 |  | 
| Use ability | 11 |  | 
                205 total
  
               team 2 (winner) 
              
              
2064 (
brown | 47 APM | 1145 actions | 24:16)
              
                » actions 
                
                | Assign group hotkey | 10 |  | 
| Basic commands | 20 |  | 
| Build / train | 17 |  | 
| Enter hero's abilities submenu | 7 |  | 
| Give item / drop item | 5 |  | 
| Right click | 985 |  | 
| Select / deselect | 43 |  | 
| Select group hotkey | 43 |  | 
| Use ability | 15 |  | 
                1145 total
  
                Chat log
          (00:00) royceroyce2001: ez nuts
(00:13 / Allies) royceroyce2001: lag decimated
(00:15 / All) thegame77777: im black
(00:26 / Allies) royceroyce2001: -random
(00:42 / Allies) luneth: LOL I FOUND SATYR
(00:50 / Allies) thegame77777: i found ur mom
(01:23 / All) AMON-YAK: GRANITACLES
(01:34 / All) thegame77777: eww
(02:38 / Allies) thegame77777: b
(02:39 / Allies) thegame77777: b
(02:52 / All) luneth: wtf is with this lag
(02:56 / All) thegame77777: nigga plz
(03:01 / All) TIMG4STRok: lag?
(03:05 / All) TIMG4STRok: listchecker noob, no lag
(03:12 / All) thegame77777: he lags
(03:19 / All) TIMG4STRok: thats him not me
(03:37 / All) dsg: what happens if that dragon dies
(03:49 / Allies) luneth: rofl
(03:52 / Allies) luneth: i found out something
(03:55 / Allies) luneth: they didnt take out satyr
(04:08 / All) thegame77777: titan there r lumber bases...
(04:26 / All) 2064: hm...
(04:34 / Allies) Iceberg-Slim: turn on autocast on the gold thing toto
(04:34 / All) AMON-YAK: noob tita
(04:38 / All) 2064: yea
(05:16 / Allies) luneth: does anyone in here know how to get sat
(05:21 / Allies) puddums: ya
(05:29 / Allies) puddums: not telling you though
(05:31 / Allies) puddums: ^_^
(05:32 / Allies) luneth: lol
(05:33 / Allies) luneth: i know it
(05:36 / Allies) luneth: i found out this game
(05:36 / Allies) luneth: xD
(05:38 / Allies) thegame77777: lol
(05:57 / Allies) thegame77777: noob go find bases
(05:57 / Allies) AMON-YAK: noob blue
(05:58 / All) 2064: picking on me x_x
(06:00 / All) luneth: LAG!!!
(06:04 / All) thegame77777: noobie go find bases
(06:06 / All) thegame77777: there r so many
(06:12 / All) 2064: I'm walled in
(06:15 / All) puddums: nah
(06:16 / All) royceroyce2001: no
(06:25 / All) puddums:  you can go out straight sides
(06:35 / All) thegame77777: SIGH
(06:54 / All) thegame77777: u found one earlier
(06:57 / All) thegame77777: go back to that one...
(07:10 / All) thegame77777: red dxp hmi
(07:12 / All) thegame77777: he is a noob
(07:17 / Allies) AMON-YAK: -dxp
(07:22 / All) 2064: what's dxp?
(07:23 / Allies) puddums: careful
(07:28 / Allies) puddums: DXPing gran is dangerous
(07:30 / All) Iceberg-Slim: gives you 2x experience
(07:31 / All) thegame77777: double exp
(07:40 / All) thegame77777: there u go titan
(08:00 / All) thegame77777: go down from there.. there r more bases
(08:26 / All) 2064: this is harder than I though
(08:28 / Allies) puddums: lol red
(08:37 / All) thegame77777: to the left...
(08:40 / All) thegame77777: u walked rightby
(08:54 / Allies) royceroyce2001: slims
(08:58 / Allies) Iceberg-Slim: salve
(08:58 / Allies) royceroyce2001: can i build a merchant thing in your base
(09:03 / Allies) Iceberg-Slim: you can
(09:05 / Allies) Iceberg-Slim: but i wouldnt
(09:15 / Allies) Iceberg-Slim: its just a lumber base'
(09:24 / Allies) royceroyce2001: aite aite
(09:28 / All) 2064: I'm only worth 15 g...
(09:29 / Allies) royceroyce2001: need someone withgood d
(09:31 / All) thegame77777: go right from there... there r more bases =.=
(09:31 / Allies) puddums: ok maybe DXP him
(09:34 / Allies) puddums: lol
(09:36 / All) thegame77777: gota help him out
(09:37 / Allies) puddums: he seems bad enough
(09:52 / All) thegame77777: all bases r on the bottom of the map
(09:57 / All) thegame77777: none on the top 
(10:25 / Allies) thegame77777: up those walls
(10:29 / Allies) thegame77777: by us more time lol
(11:25 / Allies) Iceberg-Slim: building my tech here
(11:33 / Allies) Iceberg-Slim: if you dissapprove TOO BAD
(11:42 / Allies) royceroyce2001: i disapprove
(11:49 / All) AMON-YAK: AHAH
(11:50 / Allies) TIMG4STRok: what
(11:54 / All) 2064: lol...
(11:56 / All) 2064: I don't know
(12:02 / All) TIMG4STRok: i clicked my shield hotkey damn
(12:08 / All) thegame77777: red decided to help?
(12:10 / All) thegame77777: ohh
(13:24 / All) AMON-YAK: LOL
(13:26 / All) puddums: lol
(13:28 / All) puddums: hey is dxp n?
(13:29 / All) 2064: greedy...
(13:31 / All) puddums: on?
(14:09 / All) AMON-YAK: RED SUIICIDE
(15:42 / All) AMON-YAK: end game?
(16:03 / All) AMON-YAK: my mag has 900 hp lol
(16:31 / All) thegame77777: WTF
(16:33 / All) thegame77777: WTF MAN
(16:41 / All) thegame77777: why did u take my bones?
(16:46 / Allies) TIMG4STRok: ima block people
(16:47 / Allies) TIMG4STRok: you kill
(17:02 / All) thegame77777: not cool...
(18:27 / All) AMON-YAK: lol
(19:32 / Allies) TIMG4STRok: ima cyclone
(20:15 / All) thegame77777: yeah amon u are welcome
(20:21 / All) puddums: LOL
(20:24 / All) thegame77777: i play island d with u alot lol
(20:24 / Allies) TIMG4STRok: fuck,in
(20:25 / All) puddums: whoever was
(20:25 / Allies) TIMG4STRok: got you
(20:27 / All) puddums: using the chicken
(20:30 / All) puddums: is gooood\
(20:33 / All) TIMG4STRok: ty ty
(20:38 / All) puddums: gj red
(20:39 / All) puddums: lol
(21:20 / All) thegame77777: can u guys go to puddum's base?
(21:25 / All) puddums: dur?
(21:30 / All) thegame77777: not enough room here
(21:40 / All) 2064: O_O